 Dungeon Crawl Stone Soup version 0.27-a0-412-g8dd771eca2 (console) character file.

Game seed: 17166489716608524744

67 Garrluk the Grasshopper (level 4, 0/39 HPs)
             Began as a Naga Warper on Feb 24, 2021.
             Slain by a hobgoblin (7 damage)
             ... led by Robin
             ... on level 3 of the Dungeon.
             The game lasted 00:05:35 (1225 turns).

Garrluk the Grasshopper (Naga Warper)               Turns: 1225, Time: 00:05:36

Health: 0/39       AC:  2    Str: 14    XL:     4   Next: 18%
Magic:  8/8        EV:  9    Int: 14    God:
Gold:   49         SH:  0    Dex: 10    Spells: 6/8 levels left

rFire    . . .     SeeInvis +   i - +2 dagger (venom)
rCold    . . .     Faith    .   (no shield)
rNeg     . . .     Spirit   .   a - +0 leather armour
rPois    +         Reflect  .   (no helmet)
rElec    .         Harm     .   (no cloak)
rCorr    .         Rampage  .   (no gloves)
Will     .....                  (no barding)
Stlth    +.........             (no amulet)
HPRegen  0.13/turn              (no ring)
MPRegen  0.11/turn              (no ring)

@: short of breath, hasted, quick
A: large, see invisible, deformed body, poison resistance, slowness 2, spit
poison 1, AC +1
a: Spit Poison


You were on level 3 of the Dungeon.
You visited 1 branch of the dungeon, and saw 3 of its levels.

You collected 49 gold pieces.

Notes
Turn   | Place    | Note
-------+----------+-------------------------------------------
     0 | D:1      | Garrluk the Naga Warper began the quest for the Orb.
     0 | D:1      | Reached XP level 1. HP: 19/19 MP: 3/3
   564 | D:1      | Reached XP level 2. HP: 26/26 MP: 5/5
   571 | D:1      | Learned a level 2 spell: Blink
   901 | D:2      | Reached XP level 3. HP: 25/32 MP: 6/6
   939 | D:2      | Reached skill level 4 in Translocations
   939 | D:2      | Reached XP level 4. HP: 10/39 MP: 6/8
   953 | D:2      | You fall into a shaft and drop 1 floor!
  1213 | D:3      | Noticed Robin
  1225 | D:3      | Slain by a hobgoblin

Inventory:

Hand Weapons
 i - a +2 dagger of venom (weapon)
   (You found it on level 2 of the Dungeon)
Missiles
 d - 5 boomerangs of dispersal (quivered)
 h - 9 poisoned darts
Armour
 a - a +0 leather armour (worn)
Scrolls
 b - a scroll of magic mapping {unknown}
 c - a scroll of blinking
Potions
 f - a potion of curing
 g - a potion of mutation {unknown}

Table legend: (Time is in decaauts)
 A = Elapsed time spent in this place.
 B = Non-inter-level travel time spent in this place.
 C = Inter-level travel time spent in this place.
 D = Time resting spent in this place.
 E = Time spent auto-exploring this place.
 F = Levels seen in this place.
 G = Mean time per level.
                   A        B        C        D        E       F      G
               +--------+--------+--------+--------+--------+-----+--------+
         Total |   1573 |   1517 |     56 |    232 |      0 |   3 |  524.3 |
       Dungeon |   1573 |   1517 |     56 |    232 |      0 |   3 |  524.3 |
               +--------+--------+--------+--------+--------+-----+--------+

Top non-repeatable levels by time:
     D:1: 1092 daAuts
     D:3: 279 daAuts
     D:2: 201 daAuts


   Skills:
 - Level 2.0 Fighting
 - Level 0.8 Throwing
 - Level 0.7 Armour
 - Level 1.5 Dodging
 - Level 2.0 Unarmed Combat
 + Level 2.7 Spellcasting
 * Level 4.3 Translocations


You had 6 spell levels left.
You knew the following spells:

 Your Spells              Type           Power        Failure   Level
a - Blink                 Tloc           N/A          7%          2

Your spell library contained the following spells:

 Spells                   Type           Power        Failure   Level
 Gell's Gravitas          Tloc           7%           14%         3
 Lesser Beckoning         Tloc           7%           14%         3
 Teleport Other           Tloc           14%          14%         3
 Manifold Assault         Tloc           14%          41%         4


Dungeon Overview and Level Annotations

Branches:
Dungeon (2/15)

Altars:

Annotations:
D:3 Robin


Innate Abilities, Weirdness & Mutations

You cannot wear boots.
Your serpentine skin is tough. (AC +1)
You have supernaturally acute eyesight. (SInv)
Armour fits poorly on your strangely shaped body.
Your system is resistant to poisons. (rPois)
You cover ground very slowly.
You can spit poison.


Message History

Found a scroll labelled QOG FUKEBB.
A goblin comes into view.
The goblin shouts!
The goblin hits you with a +0 club.
Robin roars a battlecry!
The goblins go into a battle-frenzy!
There is a large open door here.
Press: ? - help, Shift-Dir - straight line, f - Robin
Aim: Robin, wielding a +0 club, wearing a +0 animal skin and wearing a +0 helmet The splash of poison hits the goblin!
You kill the goblin!
The goblin hits you. Robin throws the goblin at you!
The goblin hits you. x2; The goblin closely misses you.
The goblin hits you. The goblin closely misses you. The goblin hits you. x2
You barely miss the goblin.
The goblin hits you. x2; The goblin completely misses you.
You hit the goblin.
The goblin is poisoned.
The goblin is moderately wounded.
You have got your breath back.
The goblin barely misses you. The goblin hits you. x2
* * * LOW HITPOINT WARNING * * *
Press: ? - help, Shift-Dir - straight line, f - goblin, p - Robin
Aim: a goblin, wielding a +0 dagger (strong)
The splash of poison hits the goblin!
The goblin is poisoned.
You kill the goblin!
The goblin hits you but does no damage. The goblin hits you.
* * * LOW HITPOINT WARNING * * *
It was a potion of curing.
You feel better.
You kill the goblin!
The goblin hits you but does no damage. The hobgoblin hits you.
It was a potion of haste.
You feel yourself speed up. The goblin hits you with a +0 dagger.
* * * LOW HITPOINT WARNING * * *
The goblin closely misses you. The hobgoblin completely misses you.
You can't do that yet.
You barely miss the goblin. The goblin hits you with a +0 dagger.
* * * LOW HITPOINT WARNING * * *
You hit the goblin.
The goblin is poisoned.
The goblin is heavily wounded.
The goblin no longer looks unusually strong.
The goblin barely misses you. The hobgoblin hits you!
You die...

## .. .#####
.....# .....#
# ####.....#
#.# #@gg..#
....# #gg)..#
.....g##gg...#
....gg)'g)...#
...?gg##(....#
..... #.....#
.... #.....#
... ####### ..
.


You could see Robin, a hobgoblin (strong) and 5 goblins.

Table legend:
 A = Kills in this place as a percentage of kills in entire the game.
 B = Kills by you in this place as a percentage of kills by you in the entire game.
 C = Kills by friends in this place as a percentage of kills by friends in the entire game.
 D = Other kills in this place as a percentage of other kills in the entire game.
 E = Experience gained in this place as a percentage of experience gained in the entire game.
 F = Experience gained in this place divided by the number of levels of this place that you have seen.
                   A       B       C       D       E      F
               +-------+-------+-------+-------+-------+----------------------
         Total | 100.0 | 100.0 |   N/A |   N/A | 100.0 |  32.3
       Dungeon | 100.0 | 100.0 |   N/A |   N/A | 100.0 |  32.3
               +-------+-------+-------+-------+-------+----------------------

Vanquished Creatures
  Monster Symbol All 'B'
  A giant cockroach (D:1)
1 creature vanquished. All 'K' 3 kobolds
3 creatures vanquished. All 'S' An adder (D:2) A ball python (D:2)
2 creatures vanquished. All 'b' 2 bats
2 creatures vanquished. All 'g' 6 goblins 3 hobgoblins (D:1)
9 creatures vanquished. All 'h' A hound (D:2)
1 creature vanquished. All 'l' A frilled lizard (D:2)
1 creature vanquished. All 'r' 5 rats
5 creatures vanquished. All 'w' A dart slug (D:2)
1 creature vanquished.
25 creatures vanquished. Monster Nature Natural Monsters A hound (D:2) An adder (D:2) A dart slug (D:2) 2 bats A giant cockroach (D:1) 6 goblins 3 hobgoblins (D:1) 3 kobolds A ball python (D:2) A frilled lizard (D:2) 5 rats
25 creatures vanquished.
25 creatures vanquished. Ascending Order A hound (D:2) An adder (D:2) A dart slug (D:2) A giant cockroach (D:1) A ball python (D:2) A frilled lizard (D:2) 2 bats 3 hobgoblins (D:1) 3 kobolds 5 rats 6 goblins
25 creatures vanquished.

Action                   |  1- 3 |  4- 6 || total
-------------------------+-------+-------++-------
Melee: Unarmed           |    35 |       ||    35
       Dagger            |     3 |    17 ||    20
 Abil: Spit Poison       |    23 |     5 ||    28
  Use: Potion            |       |     2 ||     2
Armor: Leather armour    |    19 |     5 ||    24
Dodge: Dodged            |    23 |    18 ||    41
